 Dungeon Crawl Stone Soup version 0.19.0-2-gae57169 (webtiles) character file.

231 Gingerlord the Sneak (level 5, 0/25 HPs)
             Began as a Spriggan Enchanter on Nov 5, 2016.
             Killed from afar by an orc wizard (6 damage)
             ... with a magic dart
             ... on level 4 of the Dungeon.
             The game lasted 00:08:28 (3562 turns).

Gingerlord the Sneak (Spriggan Enchanter)           Turns: 3562, Time: 00:08:29

Health: 0/25       AC:  3    Str:  2 (4)  XL:     5   Next: 73%
Magic:  1/12       EV: 23    Int: 15 (16) God:
Gold:   135        SH:  0    Dex: 22 (23) Spells: 3 memorised, 6 levels left

rFire  . . .     SeeInvis +     q - +3 dagger
rCold  . . .     Gourm    .     b - +1 robe
rNeg   . . .     Faith    .     (shield restricted)
rPois  .         Spirit   .     (helmet restricted)
rElec  .         Reflect  .     (no cloak)
rCorr  .         Harm     .     (gloves unavailable)
MR     .....                    (boots unavailable)
Stlth  +++++.....               (no amulet)
                                (no ring)
                                (no ring)

@: agile, very slightly contaminated, hasted, constricted, very quick
A: unfitting armour, see invisible, herbivore 3, speed 3, slow metabolism 2
a: no special abilities


You were on level 4 of the Dungeon.
You were very hungry.

You visited 1 branch of the dungeon, and saw 4 of its levels.

You collected 135 gold pieces.

Inventory:

Hand Weapons
 k - a +0 short sword of holy wrath
 q - a +3 dagger (weapon)
Armour
 b - a +1 robe (worn)
Scrolls
 i - 2 scrolls of remove curse {unknown}
 j - a scroll of enchant weapon {unknown}
Potions
 g - a potion of agility
 h - a potion of cure mutation
 l - a potion of brilliance {unknown}
 m - a potion of ambrosia {unknown}
 n - 2 potions of flight
 o - 2 potions of degeneration
 p - a potion of might {unknown}
 r - a potion of curing {unknown}
Books
 c - a book of Maledictions

   Spells                             Type                      Level
   a - Corona                         Hexes                        1
   b - Ensorcelled Hibernation        Hexes/Ice                    2
   c - Confuse                        Hexes                        3
   d - Tukima's Dance                 Hexes                        3
   e - Dazzling Spray                 Conjuration/Hexes            3
Comestibles
 d - 4 bread rations
 f - 2 slices of pizza


   Skills:
 + Level 1.5 Fighting
 + Level 2.1 Short Blades
 + Level 4.5 Dodging
 + Level 5.6 Stealth
 + Level 4.1 Spellcasting
 + Level 4.7 Hexes


You had 6 spell levels left.
You knew the following spells:

 Your Spells              Type           Power        Failure   Level  Hunger
a - Corona                Hex            ###....      2%          1    None
b - Ensorcelled Hibernat  Hex/Ice        ##....       12%         2    ##.....
c - Confuse               Hex            ###.....     10%         3    ###....


Dungeon Overview and Level Annotations

Branches:
Dungeon (4/15)
 Temple: D:4-7

Altars:


Innate Abilities, Weirdness & Mutations

You are very small and have problems with some larger weapons.
You are too small for most types of armour.
You have supernaturally acute eyesight. (SInv)
You are a herbivore.
You cover ground extremely quickly.
You need consume almost no food.


Message History

The orc priest is heavily wounded.
The orc priest misses you.
You closely miss the orc priest.
The orc priest is heavily wounded.
The ball python bites you but does no damage.
The ball python misses you.
You hit the orc priest.
The orc priest is severely wounded.
The ball python completely misses you. The ball python grabs you.
The ball python constricts you.
The orc priest looks satisfied for a moment.
You hit the orc priest.
The orc priest is almost dead.
The ball python bites you but does no damage.
The ball python constricts you.
You hit the orc priest.
You kill the orc priest!
The orc wizard points at you and mumbles some strange words.
The magic dart hits you!
You die...

########
#..S@)o#
#.####o# #
#.# #o# #.#
###o######
#.<........
#.#.#######
#.#o#


You could see an orc wizard (invisible), an orc and a ball python.

Vanquished Creatures
  A phantom (D:3)
  2 orc priests
  2 adders
  A worm (D:3)
  2 dart slugs
  A leopard gecko (D:2)
  6 orcs
  A giant cockroach (D:3)
  5 goblins
  7 hobgoblins
  3 jackals (D:2)
  A quokka (D:3)
  A ball python (D:2)
  4 bats
  5 frilled lizards
  11 kobolds
  6 rats
59 creatures vanquished.

Notes
Turn   | Place    | Note
-------+----------+-------------------------------------------
     0 | D:1      | Gingerlord the Spriggan Enchanter began the quest for the Orb.
     0 | D:1      | Reached XP level 1. HP: 9/9 MP: 5/5
   287 | D:1      | Reached XP level 2. HP: 13/13 MP: 6/6
   692 | D:1      | Learned a level 2 spell: Ensorcelled Hibernation
   889 | D:2      | Reached XP level 3. HP: 17/17 MP: 8/8
  1797 | D:3      | Reached skill level 1 in Fighting
  1797 | D:3      | Reached XP level 4. HP: 22/22 MP: 4/10
  2032 | D:3      | Noticed a phantom
  2447 | D:3      | Killed a phantom
  2447 | D:3      | Reached skill level 5 in Stealth
  2447 | D:3      | Reached XP level 5. HP: 14/25 MP: 10/12
  2881 | D:3      | Learned a level 3 spell: Confuse
  3272 | D:4      | Noticed a centaur
  3562 | D:4      | Killed from afar by an orc wizard

Skill      XL: |  1  2  3  4 |
---------------+-------------+-----
Spellcasting   | 3 4 |  4.1
Hexes          | 4 |  4.7
Fighting       | 1 |  1.5
Short Blades   | 2 |  2.1
Dodging        | 4 |  4.5
Stealth        | 5 |  5.6

Action                   |  1- 3 |  4- 6 || total
-------------------------+-------+-------++-------
Melee: Dagger            |   141 |    72 ||   213
       Short sword       |       |    26 ||    26
 Cast: Ensorcelled Hiber |     3 |    11 ||    14
  Use: Scroll            |       |     3 ||     3
       Potion            |       |     3 ||     3
 Stab: Sleeping          |    14 |     7 ||    21
Armor: Robe              |    13 |    11 ||    24
Dodge: Dodged            |    85 |    76 ||   161
